 Dungeon Crawl Stone Soup version 0.22-b1-26-g9dbaab1 (webtiles) character file.

199271 Nilihum the Phalangite (level 18, 0/226 HPs)
             Began as a Merfolk Skald on Aug 7, 2018.
             Was the Champion of Okawaru.
             Slain by an eight-headed hydra (12 damage)
             ... on level 1 of the Swamp on Aug 8, 2018.
             The game lasted 02:10:01 (48000 turns).

Nilihum the Phalangite (Merfolk Skald)             Turns: 48000, Time: 02:10:02

Health: 0/226      AC: 14    Str: 16 (20) XL:     18   Next: 47%
Magic:  24/34      EV: 22    Int: 21      God:    Okawaru [******]
Gold:   3184       SH:  0    Dex: 14 (16) Spells: 9/27 levels left

rFire    + + +     SeeInvis .   b - +9 bardiche (venom)
rCold    . . .     Gourm    .   (shield currently unavailable)
rNeg     + . .     Faith    +   H - +6 ring mail of the Black Moon {rElec rF+ rN+ Str+2}
rPois    +         Spirit   .   M - +0 hat "Zeaph" {rF++ Slay+2}
rElec    +         Reflect  .   h - scarf {repulsion}
rCorr    .         Harm     .   R - +0 pair of fencer's gloves {+Riposte Dex+3}
MR       +....                  W - +1 pair of boots of Ruimuc {rElec MP+9}
Stlth    ..........             v - amulet of faith {Faith, !P}
HPRegen  0.47/turn              f - +2 ring of intelligence
MPRegen  0.24/turn              X - ring of poison resistance {rPois, !d}

@: berserking, repel missiles, very quick
A: change form in water, swift swim, stealthy swim
}: 1/15 runes: gossamer
a: Heroism, Finesse, Renounce Religion


You were on level 1 of the Swamp.
You worshipped Okawaru.
Okawaru was exalted by your worship.
You were hungry.

You visited 5 branches of the dungeon, and saw 27 of its levels.
You visited the Abyss 1 time.
You also visited: Labyrinth.

You collected 3283 gold pieces.
You spent 99 gold pieces at shops.

Inventory:

Hand Weapons
 a - a +6 trident
   (You took it off an orc on level 10 of the Dungeon)
 b - a +9 bardiche of venom (weapon)
   (You acquired it on level 1 of the Lair of Beasts)
Missiles
 w - 3 throwing nets {=f, !d}
Armour
 h - a scarf of repulsion (worn)
   (Okawaru gifted it to you on level 8 of the Dungeon)
 H - the +6 ring mail of the Black Moon (worn) {rElec rF+ rN+ Str+2}
   (You found it on level 12 of the Dungeon)

   It affects your strength (+2).
   It protects you from fire.
   It insulates you from electricity.
   It protects you from negative energy.
 M - the +0 hat "Zeaph" (worn) {rF++ Slay+2}
   (Okawaru gifted it to you on level 3 of the Lair of Beasts)

   It affects your accuracy and damage with ranged weapons and melee attacks
   (+2).
   It greatly protects you from fire.
 R - the +0 pair of fencer's gloves (worn) {+Riposte Dex+3}
   (You acquired it on level 6 of the Lair of Beasts)

   It affects your dexterity (+3).
 W - the +1 pair of boots of Ruimuc (worn) {rElec MP+9}
   (You found it in a labyrinth)

   It insulates you from electricity.
   It affects your magic capacity (+9).
Jewellery
 f - a +2 ring of intelligence (left hand)
   (You took it off a vampire knight on level 13 of the Dungeon)
 i - an uncursed ring of positive energy {rN+}
   (You found it on level 5 of the Dungeon)
 v - an amulet of faith (around neck) {Faith, !P}
   (You found it on level 4 of the Dungeon)
 J - an uncursed ring of positive energy {rN+}
   (You took it off a gnoll on level 8 of the Dungeon)
 O - an uncursed ring of ice {rC+, rF-}
   (You found it on level 1 of the Lair of Beasts)
 X - a ring of poison resistance (right hand) {rPois, !d}
   (You found it in a labyrinth)
Wands
 I - a wand of digging (8)
   (You found it on level 3 of the Abyss)
Scrolls
 g - 7 scrolls of amnesia
 k - 13 scrolls of remove curse
 n - 2 scrolls of teleportation
 A - 3 scrolls of fog
 N - a scroll of identify
Potions
 c - 5 potions of agility
 j - 2 potions of haste
 l - 8 potions of curing
 o - a potion of resistance
 q - 2 potions of brilliance
 s - 2 potions of invisibility
 t - 2 potions of magic
 x - 6 potions of degeneration {!q}
 z - 2 potions of mutation {!q}
 C - a potion of berserk rage {!q}
 D - 5 potions of might
 E - 5 potions of flight
 P - 4 potions of cancellation
 U - a potion of ambrosia
Miscellaneous
 F - 2 sacks of spiders
 Q - a crystal ball of energy
   (You found it on level 13 of the Dungeon)
 S - a box of beasts
Comestibles
 d - 34 rations


   Skills:
 + Level 16.3 Fighting
 + Level 23.6 Polearms
 - Level 0.6 Armour
 + Level 18.9 Dodging
 - Level 5.0 Spellcasting
 - Level 10.0 Hexes
 - Level 10.0 Charms
 - Level 5.0 Air Magic
 - Level 8.0 Invocations


You had 9 spell levels left.
You knew the following spells:

 Your Spells              Type           Power        Failure   Level  Hunger
a - Infusion              Chrm           ####         1%          1    None
b - Cause Fear            Hex            #####.....   3%          4    ####...
c - Silence               Hex/Air        #####.....   26%         5    #####..
r - Regeneration          Chrm/Necr      ####......   8%          3    ##.....
s - Shroud of Golubria    Chrm/Tloc      ####......   4%          2    None
z - Spectral Weapon       Hex/Chrm       #####...     1%          3    ##.....

Your spell library contained the following spells:

 Spells                   Type           Power        Failure   Level  Hunger
 Bolt of Fire             Conj/Fire      #.........   100%        6    #######
 Bolt of Magma            Conj/Fire/Erth #.........   99%         5    #####..
 Slow                     Hex            #####...     1%          2    None
 Venom Bolt               Conj/Pois      #.........   99%         5    #####..
 Vampiric Draining        Necr           #.........   52%         3    ##.....
 Summon Demon             Summ           #.........   99%         5    #####..
 Iron Shot                Conj/Erth      #.........   100%        6    #######
 Stone Arrow              Conj/Erth      #.....       52%         3    ##.....
 Recall                   Summ/Tloc      N/A          52%         3    ##.....
 Dragon Form              Tmut           #.........   100%        7    #######
 Deflect Missiles         Chrm/Air       #####.....   82%         6    #######
 Shadow Creatures         Summ           N/A          100%        6    #######
 Flame Tongue             Conj/Fire      #....        21%         1    None
 Corona                   Hex            #####..      1%          1    None
 Lee's Rapid Deconstruct  Erth           #.........   99%         5    #####..
 Portal Projectile        Hex/Tloc       ####..       8%          3    ##.....
 Orb of Destruction       Conj           #.........   100%        7    #######
 Leda's Liquefaction      Hex/Erth       ####......   26%         4    ####...
 Inner Flame              Hex/Fire       ####....     8%          3    ##.....
 Aura of Abjuration       Summ           #.........   99%         5    #####..
 Iskenderun's Battlesphe  Conj/Chrm      ####....     58%         5    #####..
 Song of Slaying          Chrm           #####...     1%          2    None
 Discord                  Hex            #####.....   100%        8    #######
 Summon Forest            Summ/Tloc      #.........   99%         5    #####..
 Dragon's Call            Summ           #.........   100%        9    #######
 Spellforged Servitor     Conj/Summ      #.........   100%        7    #######
 Summon Mana Viper        Hex/Summ       ####....     58%         5    #####..
 Yara's Violent Unravell  Hex/Tmut       ####......   58%         5    #####..
 Borgnjor's Vile Clutch   Necr/Erth      #.........   99%         5    #####..


Dungeon Overview and Level Annotations

Branches:
Dungeon (14/15)            Temple (0/1) D:5            Lair (6/6) D:8
  Swamp (1/4) Lair:3       Spider (4/4) Lair:4        Slime (0/5) Lair:6
    Orc (2/2) D:12            Elf (0/3) Orc:2        Vaults (0/5) D:13

Altars:
Ashenzari
Cheibriados
Dithmenos
Elyvilon
Gozag
Hepliaklqana
Kikubaaqudgha
Okawaru
Ru
Trog
Vehumet
Xom
Yredelemnul
The Shining One
Beogh

Shops:
D:10 *   D:11 *   Orc:2 =*[(

Portals:
Trove: D:10 (give 6 potions of agility)

Annotations:
D:4 2 transporters, Sigmund
D:5 1 runed door, dorian's ghost, novice FoAK
D:14 Louise
Lair:2 1 runed door, Yfixteps's ghost, journeyman TrMo
Lair:4 exclusion: 2 oklob plants
Spider:2 3 runed doors, Cuymuthi's ghost, journeyman GrFi
Orc:1 3 runed doors, Umouro's ghost, journeyman GrEE


Message History

You slash the hornet!
The hornet is poisoned.
Your spectral weapon hits the hornet from afar!!
The hornet stings you.
You feel yourself slow down. The hornet misses you.
You riposte.
You slash the hornet!
You kill the hornet!
Okawaru accepts your kill. The tyrant leech barely misses you.
You riposte.
You slice the tyrant leech!!
The tyrant leech looks as sick as possible!
The hornet closely misses you.
You take 4 damage, and have 102/151 hp.
The hornet closely misses you. The hornet stings you.
The hornet closely misses you.
The hornet stings you but does no damage.
You see here a hornet corpse.
You take 5 damage, and have 97/151 hp.
You slice the tyrant leech!!
You kill the tyrant leech!
Okawaru accepts your kill.
The eight-headed hydra barely misses you.
You riposte.
You slice the eight-headed hydra!!
The eight-headed hydra looks as sick as possible!
The eight-headed hydra completely misses you.
The eight-headed hydra bites you!
The eight-headed hydra completely misses you.
The eight-headed hydra closely misses you.
The eight-headed hydra bites you but does no damage.
The eight-headed hydra barely misses you.
The eight-headed hydra bites you!
The hornet barely misses your spectral weapon.
You take 19 damage, and have 78/151 hp.
You slice the hornet like a ripe choko!!!
The hornet looks as sick as possible!
You kill the hornet!
Okawaru accepts your kill. The eight-headed hydra bites you.
The eight-headed hydra misses you.
The eight-headed hydra bites you but does no damage.
The eight-headed hydra completely misses you.
The eight-headed hydra bites you!
The eight-headed hydra bites you but does no damage.
The eight-headed hydra bites you.
The eight-headed hydra closely misses you.
The hornet misses you.
You take 19 damage, and have 59/151 hp.
You slice the hornet!!
The hornet is poisoned.
You feel yourself speed up.
You kill the hornet!
Okawaru accepts your kill. Something appears at your feet!
Okawaru grants you armour!
The eight-headed hydra bites you but does no damage. x2
The eight-headed hydra completely misses you.
The eight-headed hydra bites you but does no damage.
The eight-headed hydra closely misses you.
The eight-headed hydra bites you but does no damage.
The eight-headed hydra misses you.
The eight-headed hydra bites you but does no damage.
The eight-headed hydra barely misses you.
You riposte.
You slice the eight-headed hydra!!
The eight-headed hydra looks as sick as possible!
The eight-headed hydra bites you but does no damage.
The eight-headed hydra bites you! The eight-headed hydra bites you.
* * * LOW HITPOINT WARNING * * *
The eight-headed hydra bites you!
* * * LOW HITPOINT WARNING * * *
The eight-headed hydra completely misses you.
The eight-headed hydra bites you.
* * * LOW HITPOINT WARNING * * *
The eight-headed hydra barely misses you.
You take 30 damage, and have 29/151 hp.
Unknown command.
Unknown command.
Okay, then.
Okay, then.
Okay, then.
Your spectral weapon is unaffected.
The eight-headed hydra resists with almost no effort.
You are feeling hungry.
The eight-headed hydra closely misses you. x2
The eight-headed hydra bites you!
* * * LOW HITPOINT WARNING * * *
The eight-headed hydra closely misses you.
The eight-headed hydra completely misses you.
The eight-headed hydra bites you but does no damage. x2
The eight-headed hydra bites you.
* * * LOW HITPOINT WARNING * * *
You take 13 damage, and have 16/151 hp.
You now have 24/34 mp.
Unknown command.
Unknown command.
Really quaff
C - 2 potions of berserk rage {!q}?
A red film seems to cover your vision as you go berserk!
You feel yourself moving faster!
You feel mighty! The eight-headed hydra bites you!
* * * LOW HITPOINT WARNING * * *
The eight-headed hydra misses you.
The eight-headed hydra barely misses you. x2
The eight-headed hydra completely misses you.
The eight-headed hydra closely misses you.
The eight-headed hydra bites you!
You die...

♣♣.. ........♣♣
♣♣...##.#....... .
.♣..#....#..#....
.≈≈......#.#...... §
♣≈.............##.≈≈≈.♣♣
≈≈.. #.......#.##......♣
≈♣...###..§.......♣♣.≈≈.
≈......†...♣......♣♣...≈
≈≈≈...D@.≈≈♣..###.♣♣.≈≈≈
≈.≈.#.(..§♣♣♣.#.#.♣≈≈≈≈≈
.≈. #.#..♣♣ ♣...#.≈.≈.≈≈
≈ ###.≈≈ ♣.......≈≈≈≈
♣≈≈........♣♣
♣♣...♣≈≈≈≈≈≈ .≈≈≈♣♣
♣....≈...♣.♣ ♣..♣♣.≈♣...
....≈♣♣♣≈≈≈...≈..♣♣
♣.♣♣..≈≈.♣♣
♣.≈≈...♣§≈...≈..♣♣
♣♣♣♣.♣≈.♣♣
♣≈≈≈≈≈..≈.≈≈≈♣.≈.♣♣
♣♣♣÷....♣


You could see an eight-headed hydra and a friendly spectral bardiche of venom.

Vanquished Creatures
  A bone dragon (Abyss:3)
  Kirke (D:13)
  Gastronok (D:8)
  A storm dragon (D:13)
  2 tentacled starspawn (Abyss:3)
  A fire giant (D:13)
  5 emperor scorpions (Spider:4)
  An orc warlord (Orc:1)
  3 ghost moths
  A war gargoyle (D:13)
  4 entropy weavers
  A minotaur (Lab)
  A vampire knight (D:13)
  2 spark wasps
  A fire dragon (Lair:6)
  An ettin (D:13)
  An ogre mage (D:13)
  A yaktaur captain (D:13)
  Harold (D:8)
  8 vault guards (D:13)
  11 hydras
  An ice dragon (D:13)
  A catoblepas (D:14)
  A centaur warrior (D:13)
  2 death knights
  A tengu warrior (D:13)
  5 death yaks
  4 two-headed ogres
  A thrashing horror (Abyss:3)
  6 alligators (Swamp:1)
  4 orc high priests
  A queen ant (Spider:1)
  11 skeletal warriors
  A wretched star (Abyss:3)
  3 unseen horrors
  2 starcursed masses (Abyss:3)
  A shambling mangrove (Swamp:1)
  6 orc knights
  4 swamp dragons (Swamp:1)
  5 large abominations (Abyss:3)
  A wolf spider zombie (D:14)
  2 ugly things
  A lindwurm (Lair:6)
  14 orb spiders
  5 orc sorcerers
  2 deep elf magi
  18 wolf spiders
  4 cyclopes
  3 manticores
  3 moths of wrath
  A rust devil (Abyss:3)
  An elephant (Lair:2)
  Joseph (D:8)
  3 torpor snails
  3 molten gargoyles (Lair:6)
  6 black mambas
  2 smoke demons (Abyss:3)
  An eye of devastation (shapeshifter) (D:13)
  5 gargoyles
  12 spiny frogs
  14 rime drakes
  A freezing wraith (D:14)
  11 komodo dragons
  4 kobold demonologists
  10 demonic crawlers
  An ancient zyme (Abyss:3)
  4 trolls
  A queen bee (Lair:2)
  37 jumping spiders
  A tengu conjurer (D:13)
  4 tyrant leeches (Swamp:1)
  25 blink frogs
  14 hippogriffs
  15 hornets
  A bog body (Swamp:1)
  8 dream sheep
  8 slime creatures
  2 meliai zombies
  A centaur simulacrum (D:13)
  A shadow (D:13)
  79 redbacks
  A spriggan (Swamp:1)
  18 tarantellas
  29 yaks
  A tarantella (shapeshifter) (D:14)
  A ynoxinul (Abyss:3)
  Eustachio (D:6)
  5 wyverns
  2 wraiths
  A human (D:7)
  A fire elemental (D:13)
  5 hogs
  An ettin skeleton (Abyss:3)
  2 hungry ghosts
  14 steam dragons
  2 basilisks
  Menkaure (D:4)
  A swamp worm (Swamp:1)
  12 vampire mosquitoes
  24 soldier ants
  6 wargs
  An acid dragon (D:14)
  4 hell hounds (Lair:6)
  7 porcupines
  3 swamp drakes (Swamp:1)
  16 water moccasins
  34 orc warriors
  7 ice beasts
  2 black bears
  5 sky beasts
  17 ogres
  5 eyes of draining
  A phantom (D:9)
  8 wolves
  A boggart (D:13)
  7 centaurs
  13 crocodiles
  2 big kobolds (D:5)
  23 bullfrogs
  A water moccasin zombie (D:6)
  7 scorpions
  27 killer bees (Lair:2)
  7 wights (D:10)
  3 howler monkeys
  11 electric eels
  5 crimson imps
  A bullfrog zombie (D:8)
  5 lava snakes (Lair:6)
  A centaur zombie (D:9)
  A quasit (D:7)
  26 orc priests
  A gnoll shaman (D:8)
  17 jellies
  4 bullfrog skeletons
  4 centaur skeletons
  12 hounds
  5 hell rats (Lair:5)
  6 iguanas
  26 orc wizards
  37 worker ants
  A hound zombie (D:8)
  2 hound skeletons
  10 gnolls
  9 adders
  7 river rats
  3 shadow imps
  A white imp (Abyss:3)
  8 oozes
  6 worms
  3 dart slugs
  8 leopard geckos
  91 orcs
  2 ball pythons
  4 giant cockroaches
  11 goblins
  8 hobgoblins
  5 quokkas
  6 bats
  7 frilled lizards
  A giant cockroach zombie (D:5)
  12 kobolds
  7 rats
  A fungus (Lair:6)
  A starspawn tentacle (Abyss:3)
1144 creatures vanquished.

Vanquished Creatures (others)
  A redback (Spider:2)
  A human (D:13)
  18 fungi
  8 plants
  26 spectral weapons
  4 starspawn tentacles (Abyss:3)
  5 toadstools (D:5)
  2 withered plants (D:5)
65 creatures vanquished.

Grand Total: 1209 creatures vanquished

Notes
Turn   | Place    | Note
-------+----------+-------------------------------------------
     0 | D:1      | Nilihum the Merfolk Skald began the quest for the Orb.
     0 | D:1      | Reached XP level 1. HP: 16/16 MP: 3/3
   179 | D:1      | Reached XP level 2. HP: 23/23 MP: 5/5
   375 | D:1      | Reached skill level 3 in Dodging
   385 | D:1      | Reached XP level 3. HP: 23/28 MP: 0/6
   395 | D:1      | Learned a level 2 spell: Shroud of Golubria
   399 | D:1      | Learned a level 3 spell: Regeneration
   654 | D:1      | Reached skill level 4 in Polearms
  1273 | D:2      | Reached XP level 4. HP: 32/34 MP: 7/7
  1868 | D:2      | Found an iron altar of Okawaru.
  1868 | D:2      | Found a shimmering altar of Xom.
  1880 | D:2      | Found a bloodstained altar of Trog.
  1898 | D:2      | Became a worshipper of Warmaster Okawaru
  2102 | D:2      | Found a snail-covered altar of Cheibriados.
  2104 | D:2      | Found a shattered altar of Ashenzari.
  2168 | D:3      | Found a basalt altar of Yredelemnul.
  2293 | D:3      | Found a hazy altar of Hepliaklqana.
  2356 | D:3      | HP: 8/34 [frilled lizard (3)]
  2363 | D:3      | HP: 7/34 [poisoned by an adder]
  2371 | D:3      | HP: 6/34 [poisoned by an adder]
  2622 | D:2      | Nilihum: ??miscast
  2622 | D:2      | beem: miscast[1/1]: Failure to cast spells causes various generally nasty things to occur, becoming nastier with spell level and spell failure. Miscasts come in severity 0,1,2,3; 0 is always harmless. See { miscast}.
  2622 | D:2      | Nilihum: ??charms miscast
  2622 | D:2      | beem: charms miscast[1/1]: 0.16: 1: corona / random uselessness 2: curse / slowing / berserk 3: paralysis / confusion / cancellations + 4-6 mp drain / 0-18 glow. Reroll if the para is from a hells miscast. If earlier than 0.16, check enchantment_miscast[2]
  2622 | D:2      | Nilihum: ??necromancy miscast
  2622 | D:2      | beem: necromancy miscast[1/1]: By severity: 1: Slowing, (living) 5-19 dmg, rotting. 2: 1-3 shadows, (living) draining, 15-37 damage. 3: Reaper, soul eater, 1-7 statloss, draining, (living) severe rot, or torment.
  3056 | D:3      | Found an opulent altar of Gozag.
  3105 | D:3      | Reached XP level 5. HP: 40/40 MP: 5/8
  3126 | D:3      | Reached skill level 5 in Polearms
  3137 | D:3      | Reached skill level 3 in Fighting
  3137 | D:3      | Reached skill level 4 in Charms
  3595 | D:4      | Noticed Sigmund
  3902 | D:4      | Found a transporter.
  3933 | D:4      | Found a transporter.
  3948 | D:4      | Learned a level 3 spell: Spectral Weapon
  4136 | D:4      | Reached skill level 4 in Dodging
  4528 | D:4      | Reached XP level 6. HP: 43/47 MP: 10/10
  4659 | D:4      | Noticed Menkaure
  4668 | D:4      | Killed Menkaure
  4668 | D:4      | Reached * piety under Okawaru
  4668 | D:4      | Reached skill level 6 in Polearms
  4668 | D:4      | Reached skill level 3 in Spellcasting
  4815 | D:5      | Entered Level 5 of the Dungeon
  4816 | D:5      | Found a radiant altar of Vehumet.
  4961 | D:5      | Reached XP level 7. HP: 43/53 MP: 4/11
  5061 | D:5      | Found a sacrificial altar of Ru.
  5097 | D:5      | Found a glowing golden altar of the Shining One.
  5121 | D:5      | Reached skill level 7 in Polearms
  5126 | D:5      | Found a runed door.
  5127 | D:5      | Noticed dorian's ghost (novice FoAK)
  5320 | D:5      | Reached ** piety under Okawaru
  5320 | D:5      | Reached skill level 4 in Fighting
  5320 | D:5      | Reached skill level 5 in Dodging
  5333 | D:5      | HP: 13/54 [worker ant (2)]
  5701 | D:5      | Reached skill level 5 in Charms
  5701 | D:5      | Reached XP level 8. HP: 45/61 MP: 9/13
  6030 | D:5      | Reached skill level 8 in Polearms
  6049 | D:5      | Found a staircase to the Ecumenical Temple.
  6111 | D:5      | Reached *** piety under Okawaru
  6403 | D:5      | Reached skill level 4 in Spellcasting
  6404 | D:5      | Noticed a slime creature
  6417 | D:5      | HP: 15/61 [something (7)]
  6930 | D:5      | Killed a slime creature
  6930 | D:5      | Reached skill level 9 in Polearms
  6930 | D:5      | Reached skill level 6 in Dodging
  7145 | D:5      | Reached skill level 5 in Fighting
  7736 | D:6      | Reached **** piety under Okawaru
  7886 | D:6      | Noticed Eustachio
  7892 | D:6      | Reached XP level 9. HP: 68/68 MP: 10/15
  7934 | D:6      | Killed Eustachio
  8078 | D:7      | Reached skill level 10 in Polearms
  8078 | D:7      | Reached skill level 6 in Charms
  8176 | D:7      | Reached skill level 7 in Dodging
  8306 | D:7      | Found a shadowy altar of Dithmenos.
  8399 | D:7      | Reached ***** piety under Okawaru
  8792 | D:7      | Reached skill level 6 in Fighting
  8805 | D:7      | Reached skill level 5 in Spellcasting
  8995 | D:7      | Reached skill level 11 in Polearms
  9013 | D:7      | Reached skill level 8 in Dodging
  9013 | D:7      | Reached skill level 7 in Charms
  9013 | D:7      | Reached XP level 10. HP: 60/77 MP: 15/17
  9212 | D:7      | Found an iron altar of Okawaru.
  9523 | D:8      | Noticed Gastronok
  9708 | D:7      | Received a gift from Okawaru
  9708 | D:7      | Reached skill level 12 in Polearms
 10055 | D:8      | Killed Gastronok
 10055 | D:8      | Reached skill level 7 in Fighting
 10055 | D:8      | Reached skill level 13 in Polearms
 10055 | D:8      | Reached skill level 9 in Dodging
 10428 | D:9      | Noticed a white ugly thing
 10720 | D:8      | Found a staircase to the Lair.
 10750 | D:8      | Reached skill level 8 in Charms
 10917 | D:8      | Noticed Joseph
 10953 | D:8      | Killed Joseph
 10989 | D:8      | Noticed Harold
 11011 | D:8      | Killed Harold
 11011 | D:8      | Received a gift from Okawaru
 11011 | D:8      | Reached skill level 8 in Fighting
 11011 | D:8      | Reached XP level 11. HP: 51/86 MP: 15/18
 11253 | D:8      | Reached skill level 14 in Polearms
 11741 | Lair:1   | Entered Level 1 of the Lair of Beasts
 11827 | Lair:1   | Reached skill level 10 in Dodging
 12036 | Lair:1   | Reached skill level 9 in Charms
 12473 | Lair:1   | Identified a scroll of acquirement
 12611 | Lair:2   | Noticed an eight-headed hydra
 12621 | Lair:2   | Killed an eight-headed hydra
 12927 | Lair:2   | Reached skill level 10 in Charms
 13085 | Lair:1   | Reached skill level 9 in Fighting
 13480 | Lair:1   | Reached ****** piety under Okawaru
 13480 | Lair:1   | Reached skill level 15 in Polearms
 13709 | Lair:2   | Reached skill level 11 in Dodging
 13718 | Lair:2   | Reached XP level 12. HP: 89/95 MP: 17/19
 14207 | Lair:2   | Received a gift from Okawaru
 14240 | Lair:2   | Reached skill level 16 in Polearms
 14507 | Lair:2   | Reached skill level 10 in Fighting
 14604 | Lair:2   | HP: 20/97 [spiny frog (13)]
 14609 | Lair:2   | HP: 16/97 [spiny frog (6)]
 14714 | Lair:2   | Reached skill level 12 in Dodging
 14749 | Lair:2   | Received a gift from Okawaru
 15534 | Lair:2   | Found a runed door.
 15534 | Lair:2   | Noticed Yfixteps's ghost (journeyman TrMo)
 15597 | Lair:2   | Reached skill level 17 in Polearms
 15713 | Lair:2   | Got a smoking scythe
 15724 | Lair:2   | Identified the +8 scythe of the Solstice {pain, +Fly Int+4 Dex+3} (You found it on level 2 of the Lair of Beasts)
 15901 | Lair:3   | Noticed a five-headed hydra
 15903 | Lair:3   | Noticed a six-headed hydra
 15992 | Lair:3   | Killed a six-headed hydra
 15992 | Lair:3   | Received a gift from Okawaru
 15993 | Lair:3   | Got a shimmering hat {god gift}
 16006 | Lair:3   | Killed a five-headed hydra
 16012 | Lair:3   | Identified the +0 hat "Zeaph" {rF++ Slay+2} (Okawaru gifted it to you on level 3 of the Lair of Beasts)
 16313 | Lair:3   | Reached XP level 13. HP: 104/104 MP: 17/20
 16789 | Lair:3   | Reached skill level 11 in Fighting
 16862 | Lair:3   | Reached skill level 18 in Polearms
 17157 | Lair:3   | Reached skill level 13 in Dodging
 17754 | Lair:3   | Found a staircase to the Swamp.
 18071 | Lair:4   | Received a gift from Okawaru
 18857 | Lair:4   | Found a hole to the Spider Nest.
 19112 | Lair:4   | Received a gift from Okawaru
 19457 | Lair:5   | Reached skill level 19 in Polearms
 20431 | Lair:4   | Reached skill level 12 in Fighting
 20431 | Lair:4   | Reached skill level 14 in Dodging
 20944 | Lair:6   | Entered Level 6 of the Lair of Beasts
 20958 | Lair:6   | Reached XP level 14. HP: 105/115 MP: 17/21
 21032 | Lair:6   | Received a gift from Okawaru
 21032 | Lair:6   | Reached skill level 20 in Polearms
 21682 | Lair:6   | Found a staircase to the Slime Pits.
 21834 | Lair:6   | Reached skill level 1 in Invocations
 22363 | Lair:6   | Reached skill level 2 in Invocations
 22792 | Lair:6   | Reached skill level 3 in Invocations
 22798 | Lair:6   | Found a large runed door.
 22799 | Lair:6   | Found a large runed door.
 23168 | Lair:6   | Found the +0 pair of fencer's gloves {+Riposte Dex+3}
 23851 | D:9      | Reached skill level 4 in Invocations
 23918 | D:9      | Found a white marble altar of Elyvilon.
 23948 | D:9      | Found an ancient bone altar of Kikubaaqudgha.
 24386 | D:10     | Entered Level 10 of the Dungeon
 24619 | D:10     | Found a portal to a secret trove of treasure.
 24699 | D:10     | Found a glowing golden altar of the Shining One.
 24807 | D:10     | Received a gift from Okawaru
 25082 | D:10     | Found Jacsouna's General Store.
 25642 | D:11     | Found Heruff's Assorted Antiques.
 25653 | D:11     | Bought a scroll of teleportation for 99 gold pieces
 25660 | D:11     | Reached skill level 15 in Dodging
 25687 | D:11     | Reached skill level 5 in Invocations
 26630 | D:12     | Received a gift from Okawaru
 26649 | D:12     | Reached skill level 13 in Fighting
 26651 | D:12     | HP: 28/118 [ice beast (9)]
 27042 | D:11     | Reached skill level 6 in Invocations
 27617 | D:12     | Reached XP level 15. HP: 120/123 MP: 22/22
 27683 | D:12     | Got a shimmering ring mail
 27939 | D:11     | Reached skill level 21 in Polearms
 28143 | D:12     | Identified the Almanac of Earthen Evil
 28170 | D:12     | Reached skill level 7 in Invocations
 28270 | D:12     | Found a staircase to the Orcish Mines.
 28475 | Orc:1    | Entered Level 1 of the Orcish Mines
 28569 | Orc:1    | Found a roughly hewn altar of Beogh.
 28795 | Orc:1    | Found a runed gate.
 28795 | Orc:1    | Found a runed gate.
 28795 | Orc:1    | Found a runed gate.
 28796 | Orc:1    | Noticed Umouro's ghost (journeyman GrEE)
 28955 | Orc:2    | Entered Level 2 of the Orcish Mines
 29241 | Orc:2    | Received a gift from Okawaru
 29245 | Orc:2    | Got a dazzling great mace {god gift}
 29277 | Orc:1    | Identified the +6 ring mail of the Black Moon {rElec rF+ rN+ Str+2} (You found it on level 12 of the Dungeon)
 29500 | Orc:2    | Reached skill level 8 in Invocations
 30265 | Orc:2    | Noticed an orc warlord
 30391 | Orc:2    | Learned a level 4 spell: Cause Fear
 30479 | Orc:1    | Killed an orc warlord
 30479 | Orc:1    | Received a gift from Okawaru
 30479 | Orc:1    | Reached skill level 1 in Hexes
 30790 | Orc:2    | Reached skill level 2 in Hexes
 30958 | Orc:2    | Found Xycu's General Store.
 30959 | Orc:2    | Found Sifunwud's Jewellery Shoppe.
 30960 | Orc:2    | Found Taeted's Antique Armour Shoppe.
 30960 | Orc:2    | Found Ilenoqel's Antique Weapon Emporium.
 31155 | Orc:2    | Found a staircase to the Elven Halls.
 31158 | Orc:2    | Reached skill level 16 in Dodging
 31483 | D:13     | Received a gift from Okawaru
 31533 | D:13     | Found a gate to the Vaults.
 31540 | D:13     | Reached skill level 3 in Hexes
 31577 | D:13     | Reached skill level 4 in Hexes
 31774 | D:13     | Received a gift from Okawaru
 31777 | D:13     | Got a shimmering glaive {god gift}
 31778 | D:13     | Identified the +1 glaive of Symmetry {chop, +Inv rPois Int-2} (Okawaru gifted it to you on level 13 of the Dungeon)
 31802 | D:13     | Reached skill level 14 in Fighting
 32195 | D:13     | Noticed a fire giant
 32204 | D:13     | Killed a fire giant
 32204 | D:13     | Reached XP level 16. HP: 51/133 MP: 23/23
 32413 | D:13     | Noticed Kirke
 32419 | D:13     | Reached skill level 5 in Hexes
 32425 | D:13     | Killed Kirke
 32736 | D:13     | Reached skill level 6 in Hexes
 32756 | D:13     | Paralysed by a vampire knight for 7 turns
 32761 | D:13     | HP: 25/133 [vampire knight/battleaxe (11)]
 32763 | D:13     | HP: 9/133 [vampire knight/battleaxe (16)]
 32763 | D:13     | HP: 2/133 [vampire knight/battleaxe (7)]
 32958 | D:13     | Noticed a storm dragon
 33210 | D:13     | Received a gift from Okawaru
 33366 | D:13     | Noticed a storm dragon
 33371 | D:13     | Killed a storm dragon
 33371 | D:13     | Reached skill level 22 in Polearms
 33406 | D:13     | Learned a level 5 spell: Silence
 33590 | D:14     | Found a labyrinth entrance.
 33595 | Lab      | Entered a labyrinth
 34620 | Lab      | Got a dazzling buckler
 34620 | Lab      | Got a pair of slimy boots
 34634 | D:14     | Identified the +1 pair of boots of Ruimuc {rElec MP+9} (You found it in a labyrinth)
 34660 | D:14     | Reached skill level 7 in Hexes
 35000 | D:14     | Noticed Louise
 35754 | D:14     | Cast into level 2 of the Abyss (Louise)
 35868 | Abyss:3  | Found a corrupted altar of Lugonu.
 35903 | Abyss:3  | Received a gift from Okawaru
 35923 | Abyss:3  | Noticed a bone dragon
 35938 | Abyss:3  | HP: 31/134 [bone dragon (3)]
 35943 | Abyss:3  | Killed a bone dragon
 35943 | Abyss:3  | Reached skill level 17 in Dodging
 35946 | Abyss:3  | HP: 28/134 [large abomination (23)]
 36266 | Abyss:3  | Reached skill level 8 in Hexes
 36385 | Abyss:3  | Nilihum: ??abyss
 36385 | Abyss:3  | beem: abyss[1/9]: A merry-go-round of doom, featuring many, many, many different kinds of monsters who will find your flesh, bones, mind, and life tasty. When you get enough xp (roughly half the requirement for an elemental evocable), an exit from the abyss will open. Further kills will tick down timers to spawn stairs leading deeper into the abyss. 5 levels. Rune spawns in vaults on floor 3 and deeper...
 36385 | Abyss:3  | Nilihum: ??abyss[2
 36385 | Abyss:3  | beem: abyss[2/9]: Converting to Lugonu will also let you get out, but be warned that divine retribution is typically of the same nastiness level as banishment.
 36385 | Abyss:3  | Nilihum: ??abyss[3
 36385 | Abyss:3  | beem: abyss[3/9]: To get in, definitely: Fail your MR check against Banishment. Go down on a portal. Draw Damnation by yourself. Successfully invoke Lugonu's fifth power.
 36385 | Abyss:3  | Nilihum: ??abyss[4
 36385 | Abyss:3  | beem: abyss[4/9]: To get in, maybe: Get hit by distortion. Unwield distortion. Badly fumble a Translocation or Summoning. Step on a Zot trap. Arouse the wrath of Lugonu. Attract the attention of Xom.
 36385 | Abyss:3  | Nilihum: ??abyss[5
 36385 | Abyss:3  | beem: abyss[5/9]: The abyss is like boris in level form
 36385 | Abyss:3  | Nilihum: ??abyss[6
 36385 | Abyss:3  | beem: abyss[6/9]: i wonder if everyone in the abyss, is there because they got banished to it its like fantasy australia
 36385 | Abyss:3  | Nilihum: ??abyss[7
 36385 | Abyss:3  | beem: abyss guide[1/3]: !lm zigrobin 2138 -tv:<0.25
 36385 | Abyss:3  | Nilihum: ??abyss[8
 36385 | Abyss:3  | beem: abyss[8/9]: dying is less painful than the abyss
 36385 | Abyss:3  | Nilihum: ??abyss[9
 36385 | Abyss:3  | beem: abyss[9/9]: This is a scroll of acquirement! What kind of item would you like to acquire? Something appears at your feet! You are suddenly pulled into a different region of the Abyss!
 36402 | Abyss:3  | Noticed a tentacled starspawn
 36402 | Abyss:3  | Noticed a tentacled starspawn
 36405 | Abyss:3  | Killed a tentacled starspawn
 36408 | Abyss:3  | Killed a tentacled starspawn
 36411 | D:14     | Escaped the Abyss
 37023 | Spider:1 | Entered Level 1 of the Spider Nest
 37169 | Lair:4   | Identified the +7 buckler of the Realm of Zot {*Corrode rElec rC+++ MR-} (You found it in a labyrinth)
 37186 | Lair:4   | HP: 33/134 [poisoned by a soldier ant]
 37191 | Lair:4   | HP: 30/134 [poisoned by a soldier ant]
 37197 | Lair:4   | HP: 28/134 [poisoned by a soldier ant]
 37203 | Lair:4   | HP: 27/134 [poisoned by a soldier ant]
 37210 | Lair:4   | HP: 27/134 [poisoned by a soldier ant]
 37218 | Lair:4   | HP: 28/134 [poisoned by a soldier ant]
 37939 | Spider:1 | Reached XP level 17. HP: 101/140 MP: 24/24
 38149 | Spider:1 | Reached skill level 9 in Hexes
 38356 | Spider:1 | Reached skill level 15 in Fighting
 38679 | Spider:1 | Received a gift from Okawaru
 38982 | Spider:1 | Received a gift from Okawaru
 39275 | Spider:2 | Reached skill level 10 in Hexes
 39419 | Spider:2 | Found a runed gate.
 39419 | Spider:2 | Found a runed gate.
 39420 | Spider:2 | Found a runed gate.
 39424 | Spider:2 | Noticed Cuymuthi's ghost (journeyman GrFi)
 40146 | Spider:2 | Reached skill level 1 in Air Magic
 40493 | Spider:3 | Received a gift from Okawaru
 40825 | Spider:3 | Reached skill level 18 in Dodging
 40838 | Spider:3 | Reached skill level 2 in Air Magic
 40987 | Spider:3 | Reached skill level 23 in Polearms
 41016 | Spider:3 | HP: 35/142 [poisoned by a wolf spider]
 41021 | Spider:3 | HP: 32/142 [poisoned by a wolf spider]
 41026 | Spider:3 | HP: 29/142 [poisoned by a wolf spider]
 41032 | Spider:3 | HP: 28/142 [poisoned by a wolf spider]
 41038 | Spider:3 | HP: 28/142 [poisoned by a wolf spider]
 41046 | Spider:3 | HP: 35/142 [poisoned by a wolf spider]
 41557 | Spider:3 | Paralysed by a hornet for 1 turns
 41938 | Spider:4 | Entered Level 4 of the Spider Nest
 42007 | Spider:4 | Reached skill level 3 in Air Magic
 42085 | Spider:4 | Received a gift from Okawaru
 42114 | Spider:3 | HP: 36/213 [jumping spider (18)]
 42121 | Spider:3 | HP: 25/142 [poisoned by a wolf spider]
 42127 | Spider:3 | HP: 26/142 [poisoned by a wolf spider]
 43379 | Spider:4 | Nilihum: ??jumping spider
 43379 | Spider:4 | beem: jumping spider[1/1]: One of Spiders' Nest's many spiders, with blink close, blink away, and ensnaring melee that places what it hits into a web.
 44077 | Spider:4 | HP: 27/143 [something (11)]
 44491 | Spider:3 | Reached skill level 4 in Air Magic
 44690 | Spider:3 | Nilihum: ??ghost moth
 44690 | Spider:3 | beem: ghost moth[1/4]: Fast, invisible, poison-resistant moth which gazes at you to drain MP and attacks you to drain stats and inflict poison. Found in Zot and in spider zig levels. They can also appear in the Spider's Nest, especially the last level.
 44690 | Spider:3 | Nilihum: ??ghost moth[2
 44690 | Spider:3 | beem: ghost moth[2/4]: Does not see invisible, so you can turn invisible to avoid the MP drain, but it can still drain you while you are invisible if it remembers your location.
 44690 | Spider:3 | Nilihum: ??ghost moth[3
 44690 | Spider:3 | beem: ghost moth[3/4]: You feel you are being watched by something.
 44690 | Spider:3 | Nilihum: ??ghost moth[4
 44690 | Spider:3 | beem: ghost moth[4/4]: i find it amazing that ghosts moths can't see invisibl how do they mate
 44700 | Spider:4 | Reached XP level 18. HP: 146/151 MP: 25/25
 44832 | Spider:4 | Received a gift from Okawaru
 44930 | Spider:4 | Nilihum: ??riposte
 44930 | Spider:4 | beem: riposte[1/3]: New mechanic in 0.19. Long blades & the {fencer's gloves} give a 33% chance to retaliate when enemies miss you, giving you an automatic free attack. Monsters aren't cool enough to riposte.
 44930 | Spider:4 | Nilihum: ??riposte[2
 44930 | Spider:4 | beem: riposte[2/3]: If you're using the fencer's gloves with a long blade, the riposte chance stacks and becomes 66%.
 44930 | Spider:4 | Nilihum: ??riposte[3
 44930 | Spider:4 | beem: riposte[3/3]: https://s7.postimg.org/dxoi802y3/1468364693.png
 45715 | Spider:4 | HP: 32/151 [something (13)]
 45725 | Spider:4 | HP: 16/151 [something (5)]
 45731 | Spider:4 | HP: 18/151 [something (4)]
 46393 | Spider:4 | Reached skill level 5 in Air Magic
 46514 | Spider:4 | Got a gossamer rune of Zot
 46728 | Spider:4 | Reached skill level 16 in Fighting
 47069 | Swamp:1  | Entered Level 1 of the Swamp
 47990 | Swamp:1  | Paralysed by a hornet for 1 turns
 47998 | Swamp:1  | Received a gift from Okawaru
 47998 | Swamp:1  | HP: 31/151 [eight-headed hydra (14)]
 48000 | Swamp:1  | HP: 12/226 [eight-headed hydra (12)]
 48000 | Swamp:1  | Slain by an eight-headed hydra

Skill      XL: |  1  2  3  4  5  6  7  8  9 10 11 12 13 14 15 16 17 18 |
---------------+-------------------------------------------------------+-----
Dodging        | 3 4 5 6 8 9 11 12 14 15 16 17 18 | 18.9
Polearms       | 4 5 6 7 9 11 13 15 17 19 20 21 22 23 | 23.6
Fighting       | 3 4 5 6 8 9 10 12 13 14 15 16 | 16.3
Charms         | 4 5 7 8 10 | 10.0
Spellcasting   | 3 4 5 |  5.0
Invocations    | 6 8 |  8.0
Hexes          | 4 8 10 | 10.0
Air Magic      | 4 5 |  5.0
Armour         | |  0.6

Action                   |  1- 3 |  4- 6 |  7- 9 | 10-12 | 13-15 | 16-18 || total
-------------------------+-------+-------+-------+-------+-------+-------++-------
Melee: Spear             |   105 |   161 |       |       |       |       ||   266
       Trident           |       |    42 |   345 |   589 |    81 |    14 ||  1071
       Glaive            |       |       |       |   159 |   310 |       ||   469
       Bardiche          |       |       |       |       |   844 |   950 ||  1794
       Tailslap          |       |       |       |       |       |     6 ||     6
 Cast: Infusion          |     3 |    10 |    20 |    24 |    28 |     2 ||    87
       Spectral Weapon   |       |     1 |    17 |    33 |    44 |    27 ||   122
       Regeneration      |       |       |     1 |     3 |     1 |     5 ||    10
       Shroud of Golubri |       |       |     1 |       |       |     1 ||     2
       Cause Fear        |       |       |       |       |       |     5 ||     5
Evoke: Wand              |       |       |       |     6 |     1 |     5 ||    12
  Use: Scroll            |       |     9 |       |    13 |    19 |    27 ||    68
       Potion            |       |     3 |       |     4 |     1 |    12 ||    20
 Stab: Sleeping          |     1 |     1 |       |       |       |       ||     2
       Distracted        |       |     1 |     1 |     2 |     3 |     2 ||     9
       Invisible         |       |       |       |     1 |       |       ||     1
  Eat: Chunk             |     1 |    12 |    12 |    23 |    39 |    19 ||   106
       Ration            |       |       |     1 |     1 |     5 |    10 ||    17
Armor: Leather armour    |    12 |    23 |    67 |     9 |       |       ||   111
       Ring mail         |       |       |       |   201 |   216 |   317 ||   734
Dodge: Dodged            |    35 |    99 |   117 |   421 |   688 |   930 ||  2290
       Deflected         |       |       |       |     6 |    32 |    12 ||    50
       Rpst.: Bardiche   |       |       |       |       |   100 |   191 ||   291
       Trident           |       |       |       |       |       |     1 ||     1

Vault maps used:
D:1:      dpeg_arrival_snail, minmay_quantized
D:2:      chequers_temple_overflow_minitemple
D:3:      nicolae_overflow_hidden_temple, overflow_temple_1_default,
          grunt_gozag_statues, grunt_ministairs_2
D:4:      gammafunk_steamed_eel, first_ration, hangedman_abyss_or_decor_slice,
          uniq_menkaure, uniq_sigmund
D:5:      cheibrodos_fertilizer, vehumet_crystals, tso_oasis_becter,
          kennysheep_mini_moat, minmay_temple_entry_statues,
          gammafunk_ghost_grave, minmay_parallelograms
D:6:      cheibrodos_iron_armory, uniq_eustachio
D:7:      kennysheep_little_box, basic_altar, grunt_livestock,
          minmay_item_behind_shaft, minmay_misc_feat_plants,
          minmay_misc_feat_cross, lightli_orcish_oven
D:8:      erik_lair_island, uniq_harold, uniq_joseph, uniq_gastronok
D:9:      kiku_gazebo_pond_becter, serial_column_ruins, column_ruins_hut,
          column_ruins_open_tiny, column_ruins_open_small,
          column_ruins_open_tiny, column_ruins_open_small, serial_bayou_pond_a,
          elyvilon_altar_1
D:10:     enter_trove_0, serial_shops, shop, basic_altar
D:11:     serial_shops, nicolae_shop_stone
D:12:     david_orc_3
D:13:     lemuel_traditional_vault, erik_vaults_2, kennysheep_island_fort,
          uniq_kirke
D:14:     kennysheep_pointless_box, lab_entry_generic, uniq_louise
Lair:2:   regret_index_combs_of_tragedy, ebering_ghost_reflecting_pool,
          bobbens_dragon_lair_wall
Lair:3:   minmay_swamp_entry_eels, infiniplex_staircase_pool_2,
          grunt_megastairs_2
Lair:4:   nicolae_spider_entry_non_spiders, serial_bayou_pond_a,
          grunt_megastairs_4, serial_bayou_shore_b, minmay_lair_oklob_chamber
Lair:5:   kennysheep_abandoned_house
Lair:6:   cheibrodos_lair_end_hotspot, minmay_slime_entry_jelly_boxes,
          st_stairs_3
Swamp:1:  serial_swamp_ruin, evilmike_swamp_ruin_rubble_2,
          evilmike_swamp_ruin_house_1, swamp_pool1, st_swamp_ruins_2
Spider:1: zaba_anthell
Spider:2: gammafunk_ghost_necromancy, nicolae_spider_circle_web,
          spiders_nest_hornet_nest
Spider:4: spider_rune_water
Orc:1:    gammafunk_ghost_necromancy, basic_altar
Orc:2:    st_orc_congregation
Abyss:2:  serial_sigils_hangedman_gut
Abyss:3:  doesnt_abyss_rune_brain_food

Table legend:
 A = Turns spent in this place as a percentage of turns spent in the entire game.
 B = Non-inter-level travel turns spent in this place as a percentage of non-inter-level travel turns spent in the entire game.
 C = Inter-level travel turns spent in this place as a percentage of turns spent in this place.
 D = Turns resting spent in this place as a percentage of non-inter-level travel turns spent in this place.
 E = Turns spent auto-exploring this place as a percentage of non-inter-level travel turns spent in this place.
 F = Non-inter-level travel turns spent in this place divided by the number of levels of this place that you've seen.
                   A       B       C       D       E      F
               +-------+-------+-------+-------+-------+----------------------
         Total | 100.0 | 100.0 |   3.4 |  47.6 |  28.5 | 1545.4
       Dungeon |  43.1 |  42.9 |   3.9 |  41.9 |  35.9 | 1420.5
          Lair |  28.6 |  28.5 |   3.6 |  55.8 |  22.0 | 2203.3
         Swamp |   1.5 |   1.6 |   0.0 |  49.3 |  16.4 | 738.0
   Spider Nest |  17.4 |  17.6 |   2.6 |  53.7 |  24.4 | 2035.8
  Orcish Mines |   5.9 |   5.8 |   4.7 |  44.2 |  34.4 | 1345.0
         Abyss |   1.4 |   1.4 |   0.0 |  63.9 |  16.6 | 328.5
     Labyrinth |   2.1 |   2.2 |   0.0 |   0.0 |   0.0 | 1027.0
               +-------+-------+-------+-------+-------+----------------------

Table legend:
 A = Kills in this place as a percentage of kills in entire the game.
 B = Kills by you in this place as a percentage of kills by you in the entire game.
 C = Kills by friends in this place as a percentage of kills by friends in the entire game.
 D = Other kills in this place as a percentage of other kills in the entire game.
 E = Experience gained in this place as a percentage of experience gained in the entire game.
 F = Experience gained in this place divided by the number of levels of this place that you have seen.
                   A       B       C       D       E      F
               +-------+-------+-------+-------+-------+----------------------
         Total | 100.0 | 100.0 |   N/A |   N/A | 100.0 | 9272.6
       Dungeon |  37.6 |  37.6 |   N/A |   N/A |  28.5 | 5663.6
          Lair |  25.6 |  25.6 |   N/A |   N/A |  24.7 | 11444.7
         Swamp |   3.4 |   3.4 |   N/A |   N/A |   6.0 | 16606.0
   Spider Nest |  19.9 |  19.9 |   N/A |   N/A |  28.3 | 19713.8
  Orcish Mines |  11.7 |  11.7 |   N/A |   N/A |   6.7 | 9349.0
         Abyss |   1.7 |   1.7 |   N/A |   N/A |   5.3 | 7388.0
     Labyrinth |   0.1 |   0.1 |   N/A |   N/A |   0.5 | 1285.0
               +-------+-------+-------+-------+-------+----------------------
